 Dungeon Crawl Stone Soup version 0.26.0-16-gc1dbca0489 (webtiles) character file.

Game seed: 10459517217576415804

53 Froggeryz the Sneak (level 3, -1/31 HPs)
             Began as a Ghoul Delver on Jan 18, 2021.
             Killed from afar by Natasha (7 damage)
             ... with a magic dart
             ... on level 4 of the Dungeon.
             The game lasted 00:01:30 (418 turns).

Froggeryz the Sneak (Ghoul Delver)                   Turns: 418, Time: 00:01:31

Health: -1/31      AC:  4    Str: 16    XL:     3   Next: 89%
Magic:  2/2        EV: 11    Int:  5    God:
Gold:   0          SH:  0    Dex: 10    Spells: 2/2 levels left

rFire    . . .     SeeInvis .     - Unarmed
rCold    + . .     Faith    .   (no shield)
rNeg     + + +     Spirit   .   a - +0 leather armour
rPois    ∞         Reflect  .   (no helmet)
rElec    .         Harm     .   (no cloak)
rCorr    .         Rampage  .   (no gloves)
Will     .....                  i - +0 pair of boots
Stlth    +++.......             (no amulet)
HPRegen  0.00/turn              (no ring)
MPRegen  0.08/turn              (no ring)

@: hasted, very quick
A: claws 1, cold resistance 1, negative energy resistance 3, inhibited
regeneration, torment resistance, unbreathing
a: no special abilities


You were on level 4 of the Dungeon.
You visited 1 branch of the dungeon, and saw 3 of its levels.

Inventory:

Armour
 a - a +0 leather armour (worn)
 i - a +0 pair of boots (worn)
Wands
 f - a wand of digging (2)
Scrolls
 b - a scroll of fog
 c - a scroll of magic mapping
 g - 3 scrolls of immolation {unknown}
 h - 2 scrolls of teleportation {unknown}


   Skills:
 - Level 3.2 Fighting
 - Level 1.7 Dodging
 - Level 5.4 Stealth
 * Level 4.5 Unarmed Combat


You had 2 spell levels left.
You didn't know any spells.
Your spell library was empty.

Dungeon Overview and Level Annotations

Branches:
Dungeon (5/15)
 Temple: D:4-7

Altars:

Annotations:
D:4 Natasha


Innate Abilities, Weirdness & Mutations

You thrive by killing the living.
You are immune to poison.
You have sharp fingernails.
Your flesh is cold resistant. (rC+)
You are immune to negative energy. (rN+++)
You do not regenerate when monsters are visible.
You are immune to unholy pain and torment.
You can survive without breathing.


Message History

* * * LOW HITPOINT WARNING * * *
You see here a bubbling golden potion.
There is an escape hatch in the floor here.
The white imp shouts, "Accept thy doom, thou diseased guts-griping urchin!"
The adder barely misses you.
You slide downwards.
The hatch slams shut behind you.
Natasha, Servant of Life and Death comes into view.
Okay, then.
Okay, then.
You feel yourself speed up. The adder bites you but does no damage.
The adder closely misses you. The adder bites you.
* * * LOW HITPOINT WARNING * * *
Natasha hisses angrily.
Natasha mumbles some strange words.
You feel disoriented.
Found a scroll labelled MOMUIM SOYSH.
Natasha stares at you and mumbles some strange words.
The magic dart hits you!
You die...

##.. .... ##
..#.........
..#........
#.###?.....
#..........
###..........
#............
#............
#....@###....
#####........
#........
#S.......
##......#.
##.......##
#.....h....
#......###.
#......#


You could see Natasha and an adder.

Vanquished Creatures
  An orc wizard (D:5)
  A howler monkey skeleton (D:5)
  An adder zombie (D:5)
  3 orcs (D:5)
  A ball python (D:5)
  A giant cockroach (D:5)
  A quokka (D:5)
  A frilled lizard (D:5)
10 creatures vanquished.

Notes
Turn   | Place    | Note
-------+----------+-------------------------------------------
     0 | D:5      | Froggeryz the Ghoul Delver began the quest for the Orb.
     0 | D:5      | Reached XP level 1. HP: 19/19 MP: 0/0
     3 | D:4      | Noticed an ogre
    21 | D:5      | Reached XP level 2. HP: 15/26 MP: 1/1
   193 | D:5      | Noticed an ogre
   223 | D:5      | Reached XP level 3. HP: 20/31 MP: 2/2
   268 | D:5      | Noticed an ogre
   358 | D:5      | Noticed a scorpion
   410 | D:4      | Noticed Natasha
   418 | D:4      | Killed from afar by Natasha

Illustrated notes

Levels and vault maps discovered:
D:3:      layout_basic, lemuel_doored_altar
D:4:      layout_cave_pools, uniq_natasha
D:5:      layout_loops_ring, chequers_arboretum

Skill      XL: |  1  2 |
---------------+-------+-----
Unarmed Combat | 3 4 |  4.5
Fighting       | |  3.2
Dodging        | |  1.7
Stealth        | |  5.4

Action                   || total
-------------------------++-------
Melee: Unarmed           ||    31
       Punch             ||     1
Evoke: Wand              ||     1
  Use: Scroll            ||     1
       Potion            ||     1
Armor: Leather armour    ||     4
Dodge: Dodged            ||    22
